 Dungeon Crawl Stone Soup version 0.32-a0-120-gfac0567ad4 (webtiles) character file.

Game seed: 8624353273076716099

9623 pokeman the Thaumaturge (level 11, -4/61 HPs)
             Began as a Deep Elf Hedge Wizard on Feb 6, 2024.
             Was a Believer of Vehumet.
             Slain by a centaur warrior (10 damage)
             ... on level 9 of the Dungeon.
             The game lasted 00:19:51 (11051 turns).

pokeman the Thaumaturge (Deep Elf Hedge Wizard)    Turns: 11051, Time: 00:19:51

Health: -4/61      AC:  7    Str: 10    XL:     11   Next: 25%
Magic:  12/31      EV: 13    Int: 26    God:    Vehumet [**....]
Gold:   577        SH:  0    Dex: 14    Spells: 28/39 levels left

rFire   + . .        B - +2 rapier "Wety" {venom, ^Contam rCorr Str+3 Int+2}
rCold   . . .        (no shield)
rNeg    . . .        S - +1 robe {rF+}
rPois   .            c - +0 hat
rElec   .            u - +2 cloak
rCorr   +            p - +0 pair of gloves
SInv    .            (no boots)
Will    +....        (no amulet)
Stlth   ++           I - ring of wizardry
HPRegen 0.30/turn    K - ring of wizardry
MPRegen 0.22/turn

%: wizardry (x2)
@: no status effects
A: no striking features
a: Renounce Religion


You were on level 9 of the Dungeon.
You worshipped Vehumet.
Vehumet was pleased with you.
You visited 2 branches of the dungeon, and saw 10 of its levels.
You also visited: Sewer.

You collected 577 gold pieces.

Inventory:

Hand Weapons
 B - the +2 rapier "Wety" (weapon) {venom, ^Contam rCorr Str+3 Int+2}
   (You found it on level 4 of the Dungeon)

   Str+3:     It affects your strength (+3).
   Int+2:     It affects your intelligence (+2).
   ^Contam:   It causes magical contamination when unequipped.
   rCorr:     It protects you from acid and corrosion.
Missiles
 s - a throwing net
 C - 2 curare-tipped darts
Armour
 c - a +0 hat (worn)
 p - a +0 pair of gloves (worn)
 u - a +2 cloak (worn)
 S - a +1 robe of fire resistance (worn)
Jewellery
 H - an amulet of faith
 I - a ring of wizardry (left hand)
 K - a ring of wizardry (right hand)
Wands
 F - a wand of polymorph (13)
 L - a wand of flame (15)
 Q - a wand of paralysis (7)
 R - a wand of digging (8)
Scrolls
 e - a scroll of fog {unknown}
 f - a scroll of immolation {unknown}
 g - 2 scrolls of summoning {unknown}
 l - 8 scrolls of identify {unknown}
 n - 4 scrolls of enchant armour {unknown}
 q - 3 scrolls of enchant weapon {unknown}
 r - a scroll of torment {unknown}
 v - 2 scrolls of teleportation {unknown}
 w - a scroll of brand weapon {unknown}
 y - a scroll of acquirement {unknown}
 A - a scroll of fear {unknown}
 D - a scroll of vulnerability {unknown}
 J - a scroll of blinking {unknown}
 M - a scroll of amnesia {unknown}
 N - a scroll of noise {unknown}
 P - a scroll of poison {unknown}
Potions
 a - 3 potions of curing {unknown}
 b - a potion of invisibility {unknown}
 d - a potion of magic
 h - a potion of attraction {unknown}
 i - 2 potions of degeneration {unknown}
 j - a potion of brilliance {unknown}
 k - 3 potions of haste {unknown}
 m - 2 potions of resistance {unknown}
 o - 3 potions of might {unknown}
 t - 2 potions of cancellation {unknown}
 x - a potion of mutation {unknown}
 z - 4 potions of heal wounds {unknown}
 E - a potion of lignification {unknown}
 G - a potion of enlightenment {unknown}
 O - a potion of experience {unknown}


   Skills:
 - Level 4.1 Fighting
 + Level 4.6 Armour
 - Level 3.0 Dodging
 - Level 3.0 Stealth
 * Level 14.9 Spellcasting
 + Level 8.7 Conjurations
 - Level 1.1 Summonings
 - Level 1.1 Translocations
 - Level 1.1 Air Magic
 + Level 8.2 Earth Magic
 - Level 1.3 Alchemy


You had 28 spell levels left.
You knew the following spells:

 Your Spells              Type           Power      Damage    Failure   Level
a - Magic Dart            Conj           100%       1d8       1%          1
b - Mephitic Cloud        Conj/Alch/Air  39%        N/A       1%          3
c - Call Imp              Summ           50%        N/A       1%          2
d - Blink                 Tloc           50%        N/A       1%          2
e - Stone Arrow           Conj/Erth      100%       3d13      1%          3

Your spell library contained the following spells:

 Spells                   Type           Power      Damage    Failure   Level
 Kiss of Death            Conj/Necr      100%       2d13      1%          1
 Slow                     Hex            76%        N/A       1%          1
 Cigotuvi's Dreadful Rot  Necr/Alch/Air  46%        N/A       1%          2
 Jinxbite                 Hex            38%        N/A       1%          2
 Gell's Gravitas          Tloc           25%        N/A       1%          3
 Teleport Other           Tloc           25%        N/A       1%          3
 Animate Armour           Summ/Erth      86%        N/A       1%          4
 Ozocubu's Armour         Ice            19%        N/A       2%          3
 Martyr's Knell           Necr/Summ      22%        N/A       6%          4
 Dispel Undead            Necr           19%        3d11      8%          4
 Yara's Violent Unravell  Hex/Alch       11%        3d6       16%         5
 Metabolic Englaciation   Hex/Ice        9%         N/A       21%         5
 Dispersal                Tloc           12%        N/A       54%         6
 Sculpt Simulacrum        Ice/Alch       11%        N/A       58%         6
 Death Channel            Necr           9%         N/A       69%         6
 Lehudib's Crystal Spear  Conj/Erth      29%        10d8      77%         8
 Enfeeble                 Hex            9%         N/A       99%         7


Dungeon Overview and Level Annotations

Branches:
Dungeon (9/15)             Temple (1/1) D:4            Lair (0/5) D:8
  Sewer (visited)
    Orc: D:9-12

Altars:
Ashenzari
Cheibriados
Dithmenos
Elyvilon
Fedhas
Gozag
Hepliaklqana
Kikubaaqudgha
Makhleb
Nemelex Xobeh
Okawaru
Qazlal
Ru
Sif Muna
Trog
Uskayaw
Vehumet
Wu Jian
Xom
Yredelemnul
Zin
The Shining One


Message History

The centaur warrior shoots an arrow.
The arrow hits you!
A shadow comes into view.
Casting: Mephitic Cloud (safe; 1% risk of failure)
Confirm with . or Enter, or press ? or * to list all spells.
You can't see any susceptible monsters within range! (Use Z to cast anyway.) Unknown command.
Unknown command.
The centaur warrior is engulfed in noxious fumes.
The centaur warrior shoots an arrow.
The arrow hits you!
The centaur warrior is engulfed in noxious fumes.
Casting: Mephitic Cloud (safe; 1% risk of failure)
Confirm with . or Enter, or press ? or * to list all spells.
Aiming: Stone Arrow (safe; 1% risk of failure)
Press: ? - help, Shift-Dir - straight line, f - centaur warrior
Aim: a centaur warrior, wielding a +0 orcbow (84% to hit)
The stone arrow misses the centaur warrior.
The centaur warrior shoots an arrow.
The arrow hits you!
* * * LOW HITPOINT WARNING * * *
Unknown command.
Casting: Stone Arrow (safe; 1% risk of failure)
Confirm with . or Enter, or press ? or * to list all spells.
Aiming: Mephitic Cloud (safe; 1% risk of failure)
Press: ? - help, Shift-Dir - straight line, f/p - centaur warrior
Aim: a centaur warrior, wielding a +0 orcbow (chance to affect: 53%)
The ball explodes into a vile cloud!
The stinking cloud engulfs the centaur warrior.
The stinking cloud engulfs the shadow.
The centaur warrior is engulfed in noxious fumes.
The centaur warrior appears confused.
Unknown command.
Casting: Mephitic Cloud (safe; 1% risk of failure)
Confirm with . or Enter, or press ? or * to list all spells.
Aiming: Stone Arrow (safe; 1% risk of failure)
Press: ? - help, Shift-Dir - straight line, f/p - centaur warrior
Aim: a centaur warrior, wielding a +0 orcbow (confused, 95% to hit)
The stone arrow hits the centaur warrior!!
The centaur warrior is heavily wounded.
The centaur warrior unwields a +0 orcbow.
The centaur warrior hits you!
You die...

#.# ..#.##............ #.#
.$.......#.##.#.. . #.#
........#.##.#.#.. .#####.#
#..#......##.#....
.......#########..#○#...###.$...#
###...............°☼§.....c.#..#[
###.#######.####.)§§☼.#.[####.#c.
.........##.####.c.W##.##.###....
.##.##.#......))@...#.⌠.#..#....#
.##......##.####)#..##.##..y..)#.
.##.##.####.####†###..#...##..#.O
.##.##.# #......# ##...#.# .....
<......####.###### #####....##.#
###.........# #..### #
########### #.. #... ..


You could see a centaur warrior (confused) and a shadow.

Vanquished Creatures
  A centaur warrior (D:9)
  4 two-headed ogres
  A meliai (D:9)
  A troll (D:8)
  A hornet (D:9)
  A shadow (D:8)
  A wyvern (D:9)
  6 yaks (D:8)
  2 vampires (D:9)
  3 sky beasts
  6 ice beasts
  4 black bears
  2 orc warriors (D:8)
  4 centaurs
  8 phantoms
  3 kobold brigands
  A gnoll sergeant (D:8)
  2 brain worms (Sewer)
  Blork the orc (D:5)
  5 bullfrogs
  4 scorpions
  4 wights (D:8)
  A howler monkey (D:8)
  A bullfrog zombie (D:4)
  A gnoll bouda (D:8)
  A bullfrog skeleton (D:4)
  A bombardier beetle (D:5)
  2 hounds
  3 jellies
  2 orc priests (D:8)
  A centaur skeleton (D:4)
  2 sleepcaps (D:5)
  6 iguanas
  An orc wizard (D:8)
  2 hound zombies (D:4)
  A howler monkey zombie (D:4)
  11 adders
  7 gnolls
  3 river rats
  2 ufetubi (D:5)
  An adder zombie (D:4)
  5 dart slugs
  2 ribbon worms
  16 orcs
  11 endoplasms
  9 giant cockroaches
  6 goblins
  6 hobgoblins
  3 jackals (D:3)
  6 quokkas
  15 ball pythons
  8 bats
  6 frilled lizards
  10 kobolds
  13 rats
230 creatures vanquished.

Notes
Turn   | Place    | Note
-------+----------+-------------------------------------------
     0 | D:1      | pokeman the Deep Elf Hedge Wizard began the quest for the
                  | Orb.
     0 | D:1      | Reached XP level 1. HP: 10/10 MP: 7/7
   350 | D:1      | Reached XP level 2. HP: 16/16 MP: 6/9
   821 | D:1      | Reached skill level 5 in Spellcasting
  1125 | D:1      | Found a faded altar of an unknown god.
  1327 | D:2      | Reached XP level 3. HP: 12/20 MP: 2/11
  1331 | D:2      | Learned a level 3 spell: Mephitic Cloud
  1334 | D:2      | Learned a level 2 spell: Call Imp
  1337 | D:2      | Learned a level 2 spell: Blink
  1650 | D:2      | Reached skill level 1 in Fighting
  1650 | D:2      | Reached skill level 1 in Armour
  2101 | D:2      | Reached XP level 4. HP: 25/25 MP: 11/13
  3325 | D:3      | Learned a level 3 spell: Stone Arrow
  3727 | D:3      | Reached XP level 5. HP: 28/29 MP: 2/15
  3869 | D:3      | Reached skill level 6 in Spellcasting
  4028 | D:4      | Reached skill level 1 in Air Magic
  4028 | D:4      | Reached skill level 1 in Earth Magic
  4028 | D:4      | Reached skill level 1 in Alchemy
  4125 | D:4      | Reached XP level 6. HP: 34/34 MP: 12/17
  4134 | D:4      | Found a glowing drain.
  4148 | Sewer    | Entered a sewer
  4455 | Sewer    | Reached skill level 7 in Spellcasting
  4800 | D:4      | Reached XP level 7. HP: 39/39 MP: 13/20
  5014 | D:4      | Reached skill level 8 in Spellcasting
  5319 | D:4      | Found a staircase to the Ecumenical Temple.
  5333 | Temple   | Entered the Ecumenical Temple
  5410 | D:4      | Reached XP level 8. HP: 35/44 MP: 12/22
  5558 | D:4      | Reached skill level 9 in Spellcasting
  5620 | D:4      | Identified the +2 rapier "Wety" {venom, ^Contam rCorr Str+3
                  | Int+2}
  6096 | D:4      | Reached skill level 5 in Conjurations
  6176 | D:5      | Entered Level 5 of the Dungeon
  6425 | D:5      | Reached skill level 10 in Spellcasting
  6877 | D:5      | Noticed Blork the orc
  6883 | D:5      | Killed Blork the orc
  6884 | D:5      | Reached skill level 5 in Earth Magic
  6884 | D:5      | Reached XP level 9. HP: 48/48 MP: 15/25
  7780 | D:7      | Reached skill level 11 in Spellcasting
  8216 | D:7      | Found a radiant altar of Vehumet.
  8267 | D:7      | Became a worshipper of Vehumet
  8530 | D:8      | Reached skill level 12 in Spellcasting
  8842 | D:8      | Found a staircase to the Lair.
  8923 | D:8      | Reached XP level 10. HP: 35/56 MP: 5/28
  9222 | D:8      | Reached * piety under Vehumet
  9222 | D:8      | Offered knowledge of Shock by Vehumet.
  9516 | D:8      | Noticed a two-headed ogre
  9530 | D:8      | Reached skill level 13 in Spellcasting
  9531 | D:8      | Killed a two-headed ogre
  9778 | D:8      | Found a hide-covered altar of Uskayaw.
 10034 | D:8      | Noticed a two-headed ogre
 10038 | D:8      | Killed a two-headed ogre
 10272 | D:9      | Reached skill level 14 in Spellcasting
 10419 | D:9      | Noticed a centaur warrior
 10426 | D:9      | Noticed a two-headed ogre
 10431 | D:9      | Noticed a meliai
 10438 | D:9      | Killed a meliai
 10798 | D:8      | Killed a two-headed ogre
 10799 | D:8      | Reached XP level 11. HP: 38/61 MP: 24/31
 10961 | D:9      | Noticed a centaur warrior
 10965 | D:9      | Offered knowledge of Kiss of Death by Vehumet.
 10971 | D:9      | Killed a centaur warrior
 10985 | D:9      | Noticed a two-headed ogre
 10991 | D:9      | Killed a two-headed ogre
 10991 | D:9      | Reached ** piety under Vehumet
 11051 | D:9      | Slain by a centaur warrior

Illustrated notes

Levels and vault maps discovered:
D:1:      nzn_arrival_settlement, layout_basic,
          dilly_ecumenical_altar_fadedgnrine
D:2:      minmay_skewed_foursquare, layout_basic, serial_glass, glass_columns_c,
          glass_columns_c, glass_columns_c, glass_columns_b, glass_columns_b,
          glass_columns_a, glass_columns_a, glass_columns_b
D:3:      layout_basic, skrybe_limestone_x
D:4:      layout_gridville, temple_fountains, gup_sewer_entry_bubbles,
          serial_undead, serial_undead_a, serial_undead_c, serial_undead_f,
          serial_undead_c, serial_undead_f, serial_bayou_pond_b
D:5:      layout_basic, uniq_blork_the_orc
D:6:      layout_cave_pools
D:7:      layout_loops_ring, vehumet_altar_wand_db
D:8:      cheibrodos_barr_body, layout_cave_pods, nicolae_uskayaw_dance_hall,
          lair_entry_dummy
D:9:      cheibrodos_fzero, layout_loops_cross, grunt_decor_one_mirror,
          lightli_orcish_oven, uniq_grum
Temple:   mainiacjoe_temple_cubbyholes

Skill      XL: |  1  2  3  4  5  6  7  8  9 10 11 |
---------------+----------------------------------+-----
Spellcasting   | 5 6 7 8 10 12 14 | 14.9
Conjurations   | 2 3 4 5 7 8 |  8.7
Fighting       | 1 2 3 4 |  4.1
Armour         | 1 3 4 |  4.6
Dodging        | 3 |  3.0
Stealth        | 3 |  3.0
Air Magic      | 1 |  1.1
Earth Magic    | 1 2 3 5 6 7 8 |  8.2
Alchemy        | 1 |  1.3
Summonings     | |  1.1
Translocations | |  1.1

Action                     |  1- 3 |  4- 6 |  7- 9 | 10-12 || total
---------------------------+-------+-------+-------+-------++-------
  Melee: Dagger            |     6 |     3 |       |       ||     9
         Trident           |       |    49 |    11 |       ||    60
         Punch             |       |     2 |     1 |     4 ||     7
         Rapier            |       |       |    27 |    37 ||    64
   Cast: Magic Dart        |   111 |   140 |    74 |     2 ||   327
         Mephitic Cloud    |       |     9 |     5 |    19 ||    33
         Stone Arrow       |       |       |    97 |    64 ||   161
         Blink             |       |       |     1 |     1 ||     2
   Stab: Sleeping          |     1 |     3 |       |       ||     4
         Confused          |       |     5 |     4 |     2 ||    11
 Armour: Robe              |    20 |    41 |    51 |    55 ||   167
  Dodge: Dodged            |    20 |    47 |    41 |    41 ||   149

Table legend: (Time is in decaauts)
 A = Elapsed time spent in this place.
 B = Non-inter-level travel time spent in this place.
 C = Inter-level travel time spent in this place.
 D = Time resting spent in this place.
 E = Time spent auto-exploring this place.
 F = Levels seen in this place.
 G = Mean time per level.
                   A        B        C        D        E       F      G
               +--------+--------+--------+--------+--------+-----+--------+
         Total |  11148 |  10833 |    315 |    392 |   8877 |  11 | 1013.5 |
       Dungeon |  10594 |  10279 |    315 |    392 |   8450 |   9 | 1177.1 |
        Temple |      1 |      1 |      0 |      0 |      0 |   1 |    1.0 |
         Sewer |    551 |    551 |      0 |      0 |    427 |   1 |  551.0 |
               +--------+--------+--------+--------+--------+-----+--------+

Top non-repeatable levels by time:
     D:8: 1955 daAuts
     D:2: 1721 daAuts
     D:4: 1692 daAuts
     D:1: 1255 daAuts
     D:7: 1117 daAuts
     D:3: 1035 daAuts
     D:5: 993 daAuts
   Sewer: 551 daAuts
     D:6: 494 daAuts
     D:9: 328 daAuts
  Temple: 1 daAuts
